 Dungeon Crawl Stone Soup version 0.30-a0-322-g102857c98e (webtiles) character file.

Game seed: 1060626758107802894

62 ryw the Trooper (level 3, -1/31 HPs)
             Began as a Demonspawn Monk on Oct 28, 2022.
             Slain by a gnoll
             ... wielding a +0 whip
              (4 damage)
             ... on level 2 of the Dungeon.
             The game lasted 00:02:39 (1394 turns).

ryw the Trooper (Demonspawn Monk)                   Turns: 1394, Time: 00:02:40

Health: -1/31      AC:  2    Str: 11 (13) XL:     3   Next: 85%
Magic:  3/3        EV: 12    Int:  8 (11) God:
Gold:   29         SH:  0    Dex: 13 (15) Spells: 2/2 levels left

rFire   . . .      SeeInvis .      - Unarmed
rCold   . . .      Faith    .    (no shield)
rNeg    . . .      Spirit   .    a - +0 robe
rPois   .          Reflect  .    (no helmet)
rElec   .          Harm     .    (no cloak)
rCorr   .          Rampage  .    (no gloves)
Will    .....                    (no boots)
Stlth   ++........               (no amulet)
HPRegen 0.25/turn                (no ring)
MPRegen 0.08/turn                (no ring)

@: mighty, attractive
A: claws 1, powered by pain 1
a: no special abilities


You were on level 2 of the Dungeon.
You visited 1 branch of the dungeon, and saw 2 of its levels.

You collected 29 gold pieces.

Inventory:

Missiles
 b - 3 boomerangs
 g - 3 silver boomerangs (quivered)
Armour
 a - a +0 robe (worn)
Scrolls
 d - a scroll of teleportation
 h - a scroll of identify {unknown}
Potions
 c - a potion of degeneration
 f - a potion of attraction


   Skills:
 - Level 4.3 Fighting
 - Level 2.6 Dodging
 - Level 1.7 Stealth
 + Level 3.2 Unarmed Combat


You had 2 spell levels left.
You didn't know any spells.
Your spell library contained the following spells:

 Spells                   Type           Power      Damage    Failure   Level
 Ensorcelled Hibernation  Hex/Ice        0%         N/A       54%         2
 Passwall                 Tmut/Erth      0%         N/A       54%         2
 Swiftness                Air            0%         N/A       78%         3


Dungeon Overview and Level Annotations

Branches:
Dungeon (2/15)

Altars:


Innate Abilities, Weirdness & Mutations

You have sharp fingernails.
You sometimes gain a little power by taking damage.


Message History

Aim: a gnoll, wielding a +0 sling (64% to hit)
You throw a silver boomerang.
The silver boomerang barely misses the gnoll.
The gnoll shouts!
The gnoll shoots a sling bullet.
The sling bullet hits you.
Throw: 3 boomerangs (silver)
Press: ? - help, Q - select action, (/) - cycle Shift-Dir - straight line, f/p - gnoll
Aim: a gnoll, wielding a +0 sling (64% to hit)
You throw a silver boomerang.
The silver boomerang hits the gnoll but does no damage.
The gnoll is lightly wounded.
Throw: 3 boomerangs (silver)
Press: ? - help, Q - select action, (/) - cycle Shift-Dir - straight line, f/p - gnoll
Aim: a gnoll, wielding a +0 sling (64% to hit)
You throw a silver boomerang.
The silver boomerang closely misses the gnoll.
The gnoll shoots a sling bullet.
The sling bullet hits you.
Throw: 3 boomerangs (silver)
Press: ? - help, Q - select action, (/) - cycle Shift-Dir - straight line, f/p - gnoll
Aim: a gnoll, wielding a +0 sling (64% to hit)
You throw a silver boomerang.
The silver boomerang barely misses the gnoll.
The gnoll shoots a sling bullet.
The sling bullet hits you!
* * * LOW HITPOINT WARNING * * *
Okay, then.
It was a potion of degeneration.
There was something very wrong with that liquid.
You feel weakened.
You feel dopey.
You feel clumsy.
It was a potion of attraction.
You feel attractive to monsters.
It was a potion of might.
You feel very mighty all of a sudden.
Attack: -) Claws
Press: ? - help, Dir - move target, f - you
Okay, then.
Unknown command.
The gnoll is attracted toward you. The gnoll is attracted toward you.
You barely miss the gnoll. The gnoll hits you with a +0 whip.
You die...

### #.. #.# ..# #.#
..### ######## #.#
.... # #.g@...# #.#
..##..
##§####.###.###......
#....................
#..##..........######
.....##.#.....##.# #
#####.##.#..#####.# #
#.§...>....##.# #
######g##)##.##.# #
#.....g##.##.##.######


You could see a gnoll.

Vanquished Creatures
  A gnoll (D:2)
  2 adders (D:2)
  3 ball pythons
  5 bats
  2 endoplasms (D:1)
  3 giant cockroaches (D:1)
  2 goblins (D:1)
  7 hobgoblins
  3 frilled lizards
  3 kobolds
  4 rats (D:1)
35 creatures vanquished.

Notes
Turn   | Place    | Note
-------+----------+-------------------------------------------
     0 | D:1      | ryw the Demonspawn Monk began the quest for the Orb.
     0 | D:1      | Reached XP level 1. HP: 18/18 MP: 1/1
   194 | D:1      | Gained mutation: You sometimes gain a little power by
                  | taking damage. [demonic ancestry]
   194 | D:1      | Reached XP level 2. HP: 13/24 MP: 2/2
   507 | D:1      | Reached skill level 4 in Fighting
   936 | D:2      | Gained mutation: You have sharp fingernails. [demonic
                  | ancestry]
   936 | D:2      | Reached XP level 3. HP: 17/31 MP: 3/3
  1386 | D:2      | HP: 1/31 [gnoll/sling bullet (9)]
  1394 | D:2      | Slain by a gnoll

Illustrated notes

Levels and vault maps discovered:
D:1:      wander_arrival_abandoned_jail, layout_basic
D:2:      layout_loops_cross, minmay_misc_feat_ornament

Skill      XL: |  1  2  3 |
---------------+----------+-----
Fighting       | 4 |  4.3
Unarmed Combat | 3 |  3.2
Dodging        | |  2.6
Stealth        | |  1.7

Action                   || total
-------------------------++-------
Melee: Unarmed           ||   124
       Punch             ||     1
Throw: Boomerang         ||     9
  Use: Potion            ||     4
       Scroll            ||     5
 Stab: Sleeping          ||     4
Armor: Robe              ||    19
Dodge: Dodged            ||    74

Table legend: (Time is in decaauts)
 A = Elapsed time spent in this place.
 B = Non-inter-level travel time spent in this place.
 C = Inter-level travel time spent in this place.
 D = Time resting spent in this place.
 E = Time spent auto-exploring this place.
 F = Levels seen in this place.
 G = Mean time per level.
                   A        B        C        D        E       F      G
               +--------+--------+--------+--------+--------+-----+--------+
         Total |   1390 |   1337 |     53 |     87 |    922 |   2 |  695.0 |
       Dungeon |   1390 |   1337 |     53 |     87 |    922 |   2 |  695.0 |
               +--------+--------+--------+--------+--------+-----+--------+

Top non-repeatable levels by time:
     D:1: 971 daAuts
     D:2: 418 daAuts
